Yev-Ruu, chaotic female vampiric Convict ------- ---------- |.....| #.........| |.....-#########|........| |.....| |.%......| ---.--- -----|-.-- # # ## # ### # # # ## ## ####### # -|----.---------# # |..............|######### ------ # |..<.!.........| --.-- .....| --|------- |..........!....######-...| |..(%.| |........| |.....!........| |%.>| @@hGkh@.| |........| ---------------- #....| u |\..... |........| ###|....#### ------ |........| # |...| |........-############################# ----- ---------- Yev-Ruu the Jail-bird Experience level: 8 Strength: 14 Dexterity: 10 Constitution: 18 Intelligence: 14 Wisdom: 12 Charisma: 6 Health: 0(81) Energy: 46(46) AC: 8 Gold: 343 Moves: 5192 Your Inventory: Coins $ - 343 gold pieces Armor b - a cursed rotted +0 striped shirt (being worn) n - an [uncursed] +0 dwarvish mithril-coat x - an uncursed +1 helm of brilliance F - an [uncursed] +0 pair of hard shoes [iron] (being worn) Comestibles o - an uncursed Hyper Futa Mare Dick Scrolls d - an uncursed scroll of enchant weapon p - a cursed scroll of magic mapping Rings E - a [cursed] bronze ring [of protection from shape changers] Wands f - an uncursed wand of undead turning [0:5] g - an uncursed wand of light [0:11] j - an uncursed wand of sleep [0:0] q - an uncursed wand of striking [0:3] y - an [uncursed] wand of sleep [0:6] B - an uncursed wand of striking [0:2] H - an uncursed wand of probing [0:4] Tools a - an uncursed [+0] unicorn horn h - an uncursed skeleton key u - an [uncursed] looking glass [mirror] Iron balls c - an uncursed heavy iron ball (weapon in hand) Spells known in the end: Name Level Category Fail Memory a - identify 3 divination 100% [|||||||.] Your skills at the end: Fighting Skills Weapon Skills sling [Basic / Skilled] Spellcasting Skills Final Attributes: You were piously aligned. Hunger level was 62. Your alignment was 34 / 35. Monster difficulty range was 1 - 7. Level difficulty was 7. You were immune to poison. You were immune to level-drain. You were immune to sickness. You could fly. You could survive without air. You regenerated. You were unlucky (-1). You are dead. Vanquished creatures: a ghost a leprechaun a gnome king 2 brown puddings a gray unicorn a dust vortex a snake 3 human zombies 2 mountain nymphs a Mordor orc 5 yellow lights a violet fungus 4 gnome lords a kobold mummy 3 giant ants 2 floating eyes a kitten 7 dwarves a kobold shaman 7 hill orcs 2 rothes 2 giant bats 3 orc zombies 5 dwarf zombies a werejackal 2 iguanas 2 acid blobs a coyote a gas spore 3 hobbits 6 hobgoblins 5 giant rats 2 cave spiders 3 yellow molds a green mold a red mold 27 gnomes 2 geckos 6 jackals a fox 3 kobolds a goblin a sewer rat 8 grid bugs 4 bats 3 lichens a kobold zombie 5 newts 148 creatures vanquished. Voluntary challenges: You went without food. You never hit with a wielded weapon. You read items or engraved 6 times. You put on armor 15 times. You never genocided any monsters. You never polymorphed an object. You never changed form. You used no wishes. You abstained from Elbereth's help. You never encountered a bones level. You never used any Sokoban shortcuts. Dungeon overview: The Dungeons of Doom: levels 1 to 7 Level 1 a long staircase Level 3 a scroll shop, an altar to Tymora, a sink stairs to The Gnomish Mines Level 4 a general store Level 5 some altars Level 6 many fountains Level 7 <- You were here a throne The Gnomish Mines: levels 4 to 6 Level 4 stairs to The Dungeons of Doom History has recorded: On T:1 you entered the Dungeons of Doom to retrieve the Amulet of Yendor! On T:266 you reached level 2 of The Dungeons of Doom. On T:633 you advanced to experience level 2. On T:698 you advanced to experience level 3. On T:941 you reached level 3 of The Dungeons of Doom. On T:1140 you reached level 1 of The Gnomish Mines. On T:1142 you advanced to experience level 4. On T:1195 you advanced to experience level 5. On T:1401 you advanced to experience level 6. On T:1431 you reached level 2 of The Gnomish Mines. On T:1442 you reached level 3 of The Gnomish Mines. On T:1988 you advanced to experience level 7. On T:3074 you reached level 4 of The Dungeons of Doom. On T:3466 you advanced to experience level 8. On T:3520 you reached level 5 of The Dungeons of Doom. On T:3925 you reached level 6 of The Dungeons of Doom. On T:4792 you reached level 7 of The Dungeons of Doom. Latest messages: The kobold lord throws a dart! The dart misses the Green-elf. You are almost hit by a dart. [HP-16=43] You hit the Green-elf. You bite the Green-elf. The Green-elf swings his runed broadsword. The Green-elf hits! The gnome lord hits! [HP-13=30] The white unicorn butts! The white unicorn kicks! The bugbear picks up a runed dagger. The white unicorn butts! The white unicorn kicks! [HP-14=16] The white unicorn butts! The white unicorn kicks! The bugbear throws a runed dagger! The runed dagger hits the Green-elf. The gnome lord picks up a crude dagger. The white unicorn butts! You die... Final status: Goodbye Yev-Ruu the Convict... You died in The Dungeons of Doom on dungeon level 7 with 4975 points, and 343 pieces of gold, after 5192 moves. You were level 8 with a maximum of 81 hit points when you died.